 Dungeon Crawl Stone Soup version 0.26.0-10-g1f06aea511 (webtiles) character file.

Game seed: 11816005802236844665

82 zergursh the Skirmisher (level 4, 0/38 HPs)
             Began as a Human Monk on Jan 17, 2021.
             Slain by an orc priest (2 damage)
             ... on level 1 of the Dungeon.
             The game lasted 00:03:16 (2387 turns).

zergursh the Skirmisher (Human Monk)                Turns: 2387, Time: 00:03:17

Health: 0/38       AC:  5    Str: 12    XL:     4   Next: 70%
Magic:  4/4        EV: 11    Int: 10    God:
Gold:   155        SH:  3    Dex: 16    Spells: 3/3 levels left

rFire    . . .     SeeInvis .   a - +0 spear
rCold    . . .     Faith    .   i - +0 buckler
rNeg     . . .     Spirit   .   m - +0 ring mail
rPois    .         Reflect  .   (no helmet)
rElec    .         Harm     .   (no cloak)
rCorr    .         Rampage  .   (no gloves)
Will     .....                  (no boots)
Stlth    +.........             (no amulet)
HPRegen  0.12/turn              (no ring)
MPRegen  0.09/turn              (no ring)

@: no status effects
A: no striking features
a: no special abilities


You were on level 1 of the Dungeon.
You visited 1 branch of the dungeon, and saw 2 of its levels.

You collected 155 gold pieces.

Inventory:

Hand Weapons
 a - a +0 spear (weapon)
Armour
 b - a +0 robe
 f - a +0 leather armour
 i - a +0 buckler (worn)
 m - a +0 ring mail (worn)
Jewellery
 c - an uncursed ring of ice {unknown}
Scrolls
 d - 2 scrolls of remove curse {unknown}
 g - 4 scrolls of identify {unknown}
 h - a scroll of teleportation {unknown}
 k - a scroll of fear {unknown}
Potions
 e - 4 potions of haste {unknown}
 j - a potion of resistance {unknown}
 l - a potion of curing {unknown}
 n - a potion of attraction {unknown}


   Skills:
 * Level 4.5 Fighting
 + Level 3.7 Polearms
 - Level 3.0 Dodging
 - Level 2.0 Stealth


You had 3 spell levels left.
You didn't know any spells.
Your spell library was empty.

Dungeon Overview and Level Annotations

Branches:
Dungeon (2/15)

Altars:


Message History

The orc priest is heavily wounded.
The hobgoblin hits you.
The orc priest begins to cast a cantrip, but forgets the words!
You hit the orc priest.
The orc priest is almost dead.
The hobgoblin hits you but does no damage.
You closely miss the orc priest.
The orc priest is almost dead.
You block the orc priest's attack.
The hobgoblin hits you but does no damage.
You hit the orc priest.
The orc priest is almost dead.
The orc priest invokes the aid of Beogh against you.
Pain shoots through your body!
* * * LOW HITPOINT WARNING * * *
The hobgoblin barely misses you.
You hit the orc priest but do no damage.
The orc priest is almost dead.
The orc priest hits you.
You die...

##.....## #.# #...#.# #
##.......###.###.###.#
####.........###........###
...+...[.....'............#
####.........####...#####.#
# ##.......## ##...# #.#
##.....## #....### #.#
##...## #og....# #.# ##+##
#@...#.# #.# #.# ####)#.#
#.# #.##########.#.###.#
##.##.......#.......#
##...#.##........#####
##..()..##.##.#####
#####.....#.##.##.#
.........##.##.##.#
#####...###.##.##.#


You could see an orc priest and a hobgoblin.

Vanquished Creatures
  A centaur zombie (D:2)
  3 leopard geckos (D:1)
  2 orcs
  3 ball pythons (D:1)
  7 bats
  7 goblins
  5 hobgoblins
  5 jackals (D:1)
  3 kobolds (D:1)
  A quokka (D:1)
  A frilled lizard (D:2)
  2 rats (D:1)
40 creatures vanquished.

Notes
Turn   | Place    | Note
-------+----------+-------------------------------------------
     0 | D:1      | zergursh the Human Monk began the quest for the Orb.
     0 | D:1      | Reached XP level 1. HP: 18/18 MP: 1/1
   283 | D:1      | Reached XP level 2. HP: 23/24 MP: 2/2
   800 | D:1      | Reached XP level 3. HP: 21/30 MP: 3/3
  1569 | D:2      | Reached skill level 4 in Fighting
  1593 | D:2      | Reached XP level 4. HP: 24/38 MP: 4/4
  2386 | D:1      | HP: 1/38 [orc priest/nerve-wracking pain (14)]
  2387 | D:1      | Slain by an orc priest

Illustrated notes

Levels and vault maps discovered:
D:1:      nicolae_arrival_washed_ashore, layout_loops_corners,
          wander_ebering_terrifying_dragon_lair
D:2:      layout_loops_cross, eino_tiny_chamber, glass_columns_c,
          grunt_decor_mini_mirrors

Skill      XL: |  1  2  3 |
---------------+----------+-----
Fighting       | 4 |  4.5
Polearms       | |  3.7
Dodging        | |  3.0
Stealth        | |  2.0

Action                   |  1- 3 |  4- 6 || total
-------------------------+-------+-------++-------
Melee: Spear             |   128 |    62 ||   190
 Stab: Sleeping          |     5 |       ||     5
Armor: Robe              |     1 |       ||     1
       Leather armour    |    11 |       ||    11
       Ring mail         |    18 |    33 ||    51
Dodge: Dodged            |    81 |    57 ||   138
Block: Buckler           |    15 |    17 ||    32
